Map: King's Cove LE

Players

Mlord (MarineLorD) - Winner!

  • Race: Terran Terran
  • Spawn Location: 11:00

ShaDoWn

  • Race: Protoss Protoss
  • Spawn Location: 5:00

Event: IEM Season 13: Katowice (2019)

VOD

Have the link to the VOD?

Description

Time

  • Played on: Feb. 26, 2019, 5:10 a.m.
  • Length: 12:25

All games in this series

Show
View Real Time Build Order
Export as new Build Order

Mlord Terran - Winner!

Build Orders: Gas First Reaper Expand 

Get SALT Encoding   

  12  0:00  SCV  
  13  0:12  SCV  
  14  0:18  Supply Depot  
  14  0:24  SCV  
  15  0:29  Refinery  
  15  0:39  SCV  
  16  0:45  Barracks  
  16  0:51  SCV  
  17  1:03  SCV  
  18  1:15  SCV  
  19  1:32  Reaper, Orbital Command  
  20  1:45  Command Center  
  20  1:57  SCV  
  21  2:01  Factory  
  21  2:07  Barracks Reactor  
  21  2:10  SCV  
  22  2:16  Supply Depot  
  22  2:20  Refinery  
  22  2:22  SCV  
  23  2:37  SCV  
  24  2:48  Starport  
  24  2:49  SCV  
  24  2:50  Hellion x2  
  29  2:52  Marine  
  30  3:01  Orbital Command  
  30  3:06  SCV  
  30  3:10  Marine  
  32  3:15  Widow Mine  
  32  3:17  Widow Mine  
  32  3:19  SCV  
  38  3:27  SCV  
  38  3:29  Medivac  
  38  3:31  SCV  
  41  3:39  SCV  
  42  3:43  SCV  
  42  3:47  Widow Mine  
  41  3:51  SCV  
  41  3:53  Widow Mine  
  41  3:55  SCV  
  44  3:56  Supply Depot  
  44  3:59  Barracks Tech Lab  
  44  4:03  SCV  
  44  4:07  SCV  
  46  4:10  Supply Depot x2  
  46  4:18  SCV, Viking, Widow Mine  
  46  4:19  SCV  
  46  4:20  Supply Depot  
  46  4:21  Marine  
  46  4:22  Stimpack  
  53  4:30  SCV  
  54  4:31  SCV  
  54  4:32  Supply Depot  
  54  4:42  SCV  
  54  4:43  SCV  
  54  4:45  Widow Mine x2  
  60  4:51  Medivac  
  62  4:54  Marauder, SCV  
  62  4:56  SCV  
  66  5:03  Barracks  
  66  5:04  Barracks, Refinery  
  66  5:05  Engineering Bay  
  66  5:06  SCV  
  67  5:08  SCV  
  68  5:15  Marauder  
  68  5:16  Bunker  
  68  5:18  Factory Tech Lab  
  68  5:20  Supply Depot  
  70  5:27  Starport Reactor  
  70  5:32  Terran Infantry Weapons Level 1  
  70  5:37  Marauder  
  70  5:39  SCV  
  70  5:42  SCV  
  74  5:44  Command Center  
  74  5:46  Factory Reactor  
  74  5:51  SCV  
  74  5:55  Missile Turret  
  75  5:59  Marauder  
  75  6:04  Marauder, Marine x2  
  75  6:07  Medivac x2  
  75  6:10  Refinery  
  83  6:12  Barracks x2, SCV  
  78  6:18  SCV  
  78  6:21  Marauder, Combat Shield  
  78  6:23  Concussive Shells  
  81  6:29  Supply Depot  
  81  6:31  Marauder, Factory Reactor, Marine x2  
  85  6:34  SCV  
  85  6:36  SCV  
  87  6:44  Marauder  
  87  6:47  SCV  
  90  6:49  SCV, Marine  
  90  6:53  Marauder  
  94  6:56  Medivac x2  
  94  6:57  Orbital Command  
  98  7:02  Supply Depot  
  98  7:03  Marine  
  98  7:05  Marauder  
  98  7:06  SCV  
  102  7:13  Barracks Tech Lab, Marine  
  102  7:15  SCV  
  104  7:19  SCV  
  104  7:21  Marauder  
  107  7:23  Liberator  
  107  7:24  Orbital Command, Marine x2  
  107  7:25  Marine  
  107  7:26  Liberator  
  107  7:27  Terran Infantry Armor Level 1, SCV  
  111  7:31  SCV  
  111  7:36  Supply Depot  
  111  7:39  Widow Mine  
  111  7:40  Widow Mine  
  122  7:44  SCV x2  
  122  7:48  Refinery  
  122  7:49  Refinery  
  122  7:50  SCV  
  124  7:52  Supply Depot  
  124  7:53  Marine  
  124  7:57  SCV x2, Marine  
  127  8:01  Marauder  
  127  8:04  SCV  
  129  8:10  SCV x2  
  131  8:18  Marauder, Marine x3  
  140  8:22  Supply Depot  
  140  8:23  SCV, Supply Depot  
  141  8:32  Supply Depot  
  141  8:33  Supply Depot  
  141  8:35  SCV x2  
  141  8:36  SCV  
  141  8:40  Supply Depot x2  
  140  8:41  Starport  
  140  8:47  Marauder  
  140  8:48  SCV  
  145  8:53  Command Center  
  145  8:55  Marauder, Marine  
  139  8:56  Marauder, Marine  
  139  8:57  SCV  
  139  8:58  Marine x2  
  139  9:01  Medivac x2  
  147  9:08  Marauder  
  141  9:12  Marine  
  141  9:13  Liberator  
  141  9:14  Marine  
  141  9:16  Marine  
  141  9:17  Marauder, Liberator x2  
  144  9:18  Marauder  
  144  9:22  Barracks x2  
  144  9:23  Barracks  
  146  9:24  Armory  
  146  9:25  Engineering Bay, Marine  
  146  9:29  Marauder  
  146  9:30  Marine  
  153  9:37  Marine  
  153  9:38  Marauder  
  159  9:39  Marauder  
  159  9:40  Liberator  
  159  9:43  Marine  
  162  9:50  Marine  
  162  9:51  Marauder  
  161  9:53  Marine  
  161  9:55  Marine  
  161  9:56  Liberator  
  161  9:59  Marauder, Liberator  
  85  10:00  Marauder, Liberator  
  162  10:01  Marine  
  165  10:08  Marine  
  165  10:09  Marine  
  165  10:12  Marauder  
  153  10:14  Marine  
  153  10:21  Marauder  
  162  10:22  Marauder, Marine  
  162  10:23  Liberator  
  150  10:29  Barracks Tech Lab x2  
  150  10:30  Planetary Fortress  
  150  10:32  SCV x2  
  150  10:33  SCV  
  150  10:36  Barracks Reactor  
  150  10:39  Liberator, Marine  
  150  10:40  Marauder, Marine  
  157  10:43  Marine x2  
  157  10:47  Marauder  
  157  10:49  SCV x3  
  166  10:50  Sensor Tower  
  166  10:53  Liberator  
  166  10:55  Marine  
  166  10:56  Marauder  
  169  10:58  Marine x2  
  169  10:59  Marauder  
  169  11:01  Marauder, Marine  
  171  11:05  Marine  
  171  11:08  Marauder  
  171  11:09  Liberator  
  177  11:12  Marine x2  
  177  11:13  Marine  
  177  11:16  Marine x2  
  177  11:17  Marauder  
  183  11:20  Marauder, Marine  
  183  11:22  Marauder  
  181  11:30  Marauder  
  181  11:31  Marauder, Marine  
  181  11:32  Marine x2  
  191  11:36  Command Center, Marine  
  191  11:39  Marauder  
  193  11:41  Marauder  
  193  11:43  Marine  
  193  11:44  Marauder  
  193  11:46  Marine  
  192  11:51  Marauder  
  192  11:53  Marauder  
  196  11:59  Marine x3  
  196  12:01  Marauder, Marine x2  
  188  12:03  Marauder  
  188  12:06  Marine  
Show
View Real Time Build Order
Export as new Build Order

ShaDoWn Protoss 

Build Orders: 1 Gate Expand, Oracle Opening 

Get SALT Encoding   

  12  0:00  Probe  
  13  0:13  Probe  
  14  0:17  Pylon  
  14  0:24  Probe  
  15  0:32  Probe  
  15  0:38  Gateway  
  15  0:40  Probe  
  16  0:46  Assimilator  
  17  0:51  Probe  
  18  1:03  Probe  
  19  1:15  Probe  
  20  1:24  Cybernetics Core  
  20  1:36  Nexus  
  20  1:37  Probe  
  21  1:43  Pylon  
  21  1:50  Assimilator  
  21  1:52  Probe, Stalker  
  22  2:06  Probe  
  25  2:18  Probe  
  25  2:20  Stargate  
  26  2:24  Adept  
  26  2:28  Probe  
  28  2:36  Probe  
  28  2:40  Warp Gate  
  29  2:45  Probe x2  
  31  2:53  Probe, Oracle  
  31  2:57  Probe  
  33  3:03  Probe  
  37  3:09  Probe  
  38  3:14  Pylon  
  38  3:15  Probe  
  39  3:22  Probe  
  40  3:27  Probe  
  40  3:30  Oracle  
  40  3:34  Probe  
  45  3:39  Probe  
  43  3:46  Probe  
  42  3:49  Probe  
  43  3:57  Twilight Council, Probe  
  43  3:58  Probe  
  45  4:05  Gateway, Probe  
  45  4:07  Gateway  
  46  4:10  Probe  
  46  4:13  Probe  
  46  4:15  Pylon  
  47  4:22  Probe x2  
  47  4:24  Phoenix  
  51  4:29  Stalker  
  54  4:32  Probe  
  54  4:34  Probe  
  56  4:43  Probe  
  56  4:46  Probe  
  56  4:51  Probe  
  56  4:52  Blink  
  56  4:56  Assimilator x2  
  56  4:58  Probe, Pylon  
  56  4:59  Probe  
  59  5:09  Stalker  
  61  5:14  Nexus  
  61  5:17  Pylon  
  61  5:24  Stalker x2  
  61  5:27  Probe x2  
  67  5:32  Stalker  
  67  5:34  Pylon  
  69  5:39  Probe  
  69  5:41  Probe  
  71  5:48  Stalker x2  
  75  5:51  Probe  
  75  5:55  Gateway  
  76  5:57  Gateway  
  75  6:07  Probe  
  72  6:19  Stalker  
  72  6:20  Stalker  
  72  6:21  Robotics Facility  
  72  6:22  Stalker  
  77  6:27  Probe x2  
  77  6:29  Probe  
  80  6:39  Probe  
  81  6:42  Probe  
  81  6:44  Probe, Charge  
  83  6:49  Gateway, Stalker x3  
  83  6:51  Probe  
  90  6:57  Pylon  
  90  7:00  Sentry, Immortal  
  90  7:01  Sentry  
  94  7:09  Robotics Bay  
  94  7:31  Sentry, Zealot  
  94  7:32  Zealot x3  
  94  7:33  Pylon, Observer  
  94  7:35  Pylon  
  104  7:42  Colossus  
  105  7:46  Probe x3  
  105  7:48  Assimilator  
  105  7:49  Assimilator  
  108  7:58  Probe x2  
  114  8:00  Forge  
  114  8:01  Forge  
  114  8:02  Zealot, Probe  
  114  8:03  Zealot  
  109  8:13  Extended Thermal Lance, Probe  
  110  8:22  Probe x2  
  112  8:28  Stalker x3  
  112  8:33  Protoss Ground Weapons Level 1, Colossus  
  118  8:35  Pylon  
  120  8:58  Zealot, Stalker x4  
  116  9:13  Probe  
  116  9:16  Probe  
  108  9:23  Stalker  
  108  9:24  Stalker x4  
  112  9:29  Probe  
  120  9:49  Zealot x5  
  130  9:53  Probe  
  130  9:55  Probe  
  124  10:16  Nexus  
  124  10:18  Sentry x4, Robotics Facility  
  124  10:19  Stalker  
  121  10:31  Probe  
  122  10:44  Stalker  
  122  10:47  Pylon  
  122  10:48  Pylon  
  124  10:50  Pylon  
  125  11:04  Probe  
  125  11:06  Probe  
  125  11:08  Stalker x3  
  125  11:09  Stalker x2  
  132  11:14  Probe  
  131  11:22  Probe  
  117  11:34  Stalker x2  
  117  11:35  Stalker x3  
  82  12:04  Stalker x5  

Tags
 
Add a new tag
Caveats
  • Supply blocks, unpowered buildings, or Contaminate may cause inaccurate times.
  • Supply counts are checked every 10 seconds.